 Dungeon Crawl Stone Soup version 0.27-a0-1196-g3e9cee4cb2 (webtiles) character file.

Game seed: 17267773094764682918

10019 rjrrt the Severer (level 11, -5/93 HPs)
             Began as a Minotaur Berserker on May 28, 2021.
             Was a High Priest of Trog.
             Killed by divine providence
             ... invoked by a meliai
              (13 damage)
             ... on level 10 of the Dungeon.
             The game lasted 00:19:27 (8728 turns).

rjrrt the Severer (Minotaur Berserker)              Turns: 8728, Time: 00:19:28

Health: -5/93      AC:  7    Str: 25    XL:     11   Next: 30%
Magic:  10/10      EV: 14    Int:  4    God:    Trog [*****.]
Gold:   517        SH:  0    Dex: 16    Spells: 10/10 levels left

rFire    . . .     SeeInvis .   a - +2 hand axe (flame)
rCold    . . .     Faith    .   (no shield)
rNeg     + . .     Spirit   .   h - +2 ring mail {Will+}
rPois    .         Reflect  .   (helmet restricted)
rElec    .         Harm     .   (no cloak)
rCorr    .         Rampage  .   l - +2 pair of gloves {Stlth+}
Will     +....                  (no boots)
Stlth    ++........             z - amulet of regeneration
HPRegen  1.25/turn              t - +6 ring of dexterity
MPRegen  0.12/turn              c - ring of positive energy

@: lethally poisoned (-5 -> -6), corroded, on berserk cooldown, slowed, studying
Slings, very slow
A: horns 2, retaliatory headbutt
a: Renounce Religion, Berserk, Trog's Hand, Brothers in Arms


You were on level 10 of the Dungeon.
You worshipped Trog.
Trog was extremely pleased with you.
You visited 1 branch of the dungeon, and saw 10 of its levels.

You collected 517 gold pieces.

Inventory:

Hand Weapons
 a - a +2 hand axe of flaming (weapon)
 d - the +10 executioner's axe of Ytametha {drain, Fly Will+ rCorr SInv}
   (You acquired it on level 7 of the Dungeon)

   A truly terrible weapon, it drains the life of those it strikes.
   It lets you see invisible.
   It grants you flight.
   It protects you from acid and corrosion.
   It increases your willpower.
 s - a +7 executioner's axe of flaming
 w - a +2 spear of venom
Missiles
 j - 16 boomerangs (quivered)
 v - 2 silver boomerangs
 B - 64 poisoned darts
 C - 11 javelins
 I - 3 throwing nets
Armour
 h - a +2 ring mail of willpower (worn)
 l - a +2 pair of gloves of stealth (worn)
 F - a +0 plate armour
Jewellery
 c - a ring of positive energy (right hand)
 e - a ring of fire
 t - a +6 ring of dexterity (left hand)
 z - an amulet of regeneration (around neck)
 H - a ring of ice
Wands
 o - a wand of flame (21)
 x - a wand of polymorph (8)
 D - a wand of acid (11)
Scrolls
 f - a scroll of blinking
 n - a scroll of magic mapping
Potions
 b - 2 potions of flight
 g - 2 potions of cancellation
 i - a potion of resistance
 k - a potion of lignification
 m - 2 potions of ambrosia
 p - 4 potions of mutation
 q - 2 potions of heal wounds
 r - 2 potions of attraction {unknown}
 u - 6 potions of curing
 E - 2 potions of degeneration {unknown}


   Skills:
 - Level 7.7 Fighting
 * Level 15.9 Axes
 - Level 5.3 Throwing
 - Level 7.2 Armour
 - Level 6.5 Dodging


You had 10 spell levels left.
You didn't know any spells.
Your spell library was empty.

Dungeon Overview and Level Annotations

Branches:
Dungeon (10/15)            Temple (0/1) D:7             Orc (0/2) D:10
   Lair: D:8-11

Altars:
Cheibriados
Elyvilon
Gozag
Hepliaklqana
Okawaru
Trog
Wu Jian
Beogh


Innate Abilities, Weirdness & Mutations

You have a pair of horns on your head.
You reflexively headbutt those who attack you in melee.


Message History

You feel yourself moving faster!
You feel mighty!
You feel very sick.
The meliai invokes the aid of its god against you.
Something smites you!
The meliai zaps a wand.
The bolt of acid hits you!! The acid corrodes you!
You are splashed with acid!
You hear a shout!
You completely miss the meliai.
The meliai is heavily wounded.
You feel sick.
Unknown command.
Unknown command.
You slash the meliai! You burn the meliai!
You kill the meliai!
Trog accepts your kill.
You feel sick.
Unknown command.
You are too berserk!
Unknown command.
Unknown command.
You are too berserk!
You feel sick.
You feel a strong urge to attack something.
You feel sick.
A meliai comes into view. It is wielding a +0 hand axe.
You feel sick.
You feel your anger nearly subside.
You are no longer berserk.
You are exhausted.
You feel yourself slow down.
You feel sick.
You feel sick. The meliai misses you. The meliai barely misses you.
Your two-headed ogre goes berserk!
You feel sick. The meliai barely misses you. The meliai stings you!
* * * LOW HITPOINT WARNING * * *
The meliai mumbles some strange prayers to its god against you.
Something smites you!
* * * LOW HITPOINT WARNING * * *
The meliai closely misses you. The meliai barely misses you.
You feel sick.
The meliai calls down the wrath of its god upon you.
Something smites you!
You die...

........# #........<
#......###.........
###
.#......#...........
#..
K'......'.#)........
....#
K#......###.........
## #......# #.........
.(.>....# #.........
######### ##.#######
#y.y@O# #####'########
#..........###
#..........'.# ####
##..........#.###...
...'..........#..##...
####..........##.##...
#..>...†...##..'...
#..........#####...


You could see 2 meliai and a friendly two-headed ogre (summoned, berserk).

Vanquished Creatures
  Harold (D:7)
  A two-headed ogre (D:9)
  A death knight (D:7)
  Joseph (D:7)
  A meliai (D:10)
  Grinder (D:3)
  A slime creature (D:7)
  2 hornets (D:9)
  A wraith (D:9)
  Sigmund (D:3)
  2 wyverns
  5 yaks
  Eustachio (D:5)
  2 steam dragons
  Menkaure (D:7)
  Edmund (D:4)
  An acid dragon (D:8)
  4 water moccasins
  Duvessa (D:7)
  A swamp drake (D:8)
  An ice beast (D:6)
  A hornet zombie (D:7)
  6 orc warriors
  3 sky beasts
  2 necrophages
  A black bear (D:7)
  An ogre (D:6)
  3 centaurs (D:7)
  2 phantoms
  3 kobold brigands
  2 bullfrogs (D:6)
  3 gnoll sergeants
  Dowan (D:7)
  A scorpion (D:6)
  2 water moccasin skeletons
  3 killer bees (D:8)
  3 wights (D:7)
  3 howler monkeys
  3 bullfrog zombies
  4 bullfrog skeletons
  2 centaur zombies
  3 jellies
  5 orc priests
  A hound (D:7)
  An iron imp (D:8)
  A centaur skeleton (D:7)
  3 iguanas
  5 orc wizards
  A killer bee zombie (D:7)
  2 hound zombies (D:5)
  2 howler monkey zombies
  7 gnolls
  5 adders
  A howler monkey skeleton (D:4)
  2 shadow imps
  3 white imps
  An ufetubus (D:6)
  4 worms
  2 dart slugs
  37 orcs
  4 bats
  7 endoplasms
  6 giant cockroaches
  3 goblins
  4 hobgoblins
  6 jackals
  4 quokkas
  10 ball pythons
  3 frilled lizards (D:1)
  16 kobolds
  5 rats
234 creatures vanquished.

Vanquished Creatures (collateral kills)
  An orc warrior (D:10)
  5 orcs (D:10)
6 creatures vanquished.

Grand Total: 240 creatures vanquished

Notes
Turn   | Place    | Note
-------+----------+-------------------------------------------
     0 | D:1      | rjrrt the Minotaur Berserker began the quest for the Orb.
     0 | D:1      | Reached XP level 1. HP: 19/19 MP: 0/0
   212 | D:1      | Reached skill level 4 in Axes
   330 | D:1      | Reached XP level 2. HP: 26/26 MP: 1/1
  1172 | D:2      | Reached skill level 5 in Axes
  1232 | D:2      | Reached XP level 3. HP: 28/31 MP: 2/2
  1458 | D:2      | Reached ** piety under Trog
  1592 | D:2      | Found a faded altar of an unknown god.
  2006 | D:3      | Reached skill level 6 in Axes
  2006 | D:3      | Reached XP level 4. HP: 29/39 MP: 1/3
  2166 | D:3      | Noticed Sigmund
  2173 | D:3      | Killed Sigmund
  2174 | D:3      | Reached skill level 7 in Axes
  2174 | D:3      | Reached XP level 5. HP: 45/45 MP: 2/4
  2459 | D:3      | Noticed Grinder
  2470 | D:3      | Killed Grinder
  2471 | D:3      | Reached skill level 9 in Axes
  2471 | D:3      | Reached XP level 6. HP: 51/51 MP: 3/5
  3211 | D:4      | Noticed Edmund
  3220 | D:4      | Killed Edmund
  3221 | D:4      | Reached skill level 10 in Axes
  3221 | D:4      | Reached XP level 7. HP: 57/57 MP: 4/6
  3837 | D:5      | Entered Level 5 of the Dungeon
  3877 | D:5      | Reached *** piety under Trog
  4022 | D:5      | Reached skill level 1 in Throwing
  4182 | D:5      | Noticed Eustachio
  4183 | D:5      | Found an ornate altar of the Wu Jian Council.
  4193 | D:5      | Killed Eustachio
  4194 | D:5      | Reached XP level 8. HP: 67/67 MP: 7/7
  4430 | D:5      | Found an iron altar of Okawaru.
  4436 | D:5      | Found a bloodstained altar of Trog.
  4443 | D:5      | Found a white marble altar of Elyvilon.
  4593 | D:6      | Reached skill level 11 in Axes
  4612 | D:6      | Reached skill level 5 in Fighting
  4971 | D:6      | Reached XP level 9. HP: 44/74 MP: 8/8
  4976 | D:6      | Reached skill level 5 in Armour
  5254 | D:7      | Noticed Menkaure
  5267 | D:7      | Killed Menkaure
  5325 | D:7      | Noticed Joseph
  5337 | D:7      | Killed Joseph
  5338 | D:7      | Reached skill level 12 in Axes
  5338 | D:7      | Reached skill level 5 in Dodging
  5404 | D:7      | Found a staircase to the Ecumenical Temple.
  5452 | D:7      | Noticed Duvessa
  5453 | D:7      | Noticed Dowan
  5469 | D:7      | Killed Duvessa
  5473 | D:7      | Killed Dowan
  5707 | D:7      | Reached **** piety under Trog
  5840 | D:7      | Identified the Reference Book on the Enthralling Snowflakes
  5911 | D:7      | Reached XP level 10. HP: 67/84 MP: 9/9
  6186 | D:7      | Noticed a death knight
  6206 | D:7      | Killed a death knight
  6207 | D:7      | Reached skill level 13 in Axes
  6207 | D:7      | Reached skill level 5 in Throwing
  6268 | D:7      | Noticed Harold
  6291 | D:7      | Killed Harold
  6396 | D:7      | Identified 2 scrolls of acquirement
  6396 | D:7      | Acquired the +11 executioner's axe "Taol" {drain, SInv}
  6398 | D:7      | Acquired the +10 executioner's axe of Ytametha {drain, Fly
                  | Will+ rCorr SInv}
  6658 | D:8      | Reached ***** piety under Trog
  6665 | D:8      | Reached skill level 14 in Axes
  6934 | D:8      | Found a snail-covered altar of Cheibriados.
  7898 | D:9      | Found a large runed translucent door.
  7914 | D:9      | Found a large runed translucent door.
  7938 | D:9      | Noticed a two-headed ogre
  7949 | D:9      | Killed a two-headed ogre
  7950 | D:9      | Reached skill level 15 in Axes
  7950 | D:9      | Reached XP level 11. HP: 93/93 MP: 10/10
  8157 | D:9      | Found an opulent altar of Gozag.
  8196 | D:9      | Found a hazy altar of Hepliaklqana.
  8225 | D:10     | Entered Level 10 of the Dungeon
  8498 | D:10     | Received a gift from Trog
  8506 | D:10     | Found a staircase to the Orcish Mines.
  8728 | D:10     | Killed from afar by a meliai

Illustrated notes

Levels and vault maps discovered:
D:1:      minmay_arrival_hallway, layout_loops_corners,
          minmay_misc_feat_secret_circle, minmay_tree_intersection
D:2:      layout_basic, shapermc_ecumenical_altar_notcrosses
D:3:      layout_basic, kennysheep_generic_room_13, uniq_grinder, uniq_sigmund
D:4:      layout_loops_ring, patterned_corridor, uniq_edmund
D:5:      layout_gridville, minmay_overflow_temple_star_quad,
          overflow_temple_1_default, uniq_eustachio
D:6:      layout_rooms, minmay_manual_moon
D:7:      minmay_the_grid_four_pointed_star
          [minmay_the_grid_triangle_9x9_windchime,
          minmay_the_grid_triangle_9x9_wacky_v,
          minmay_the_grid_triangle_9x9_pentomino_pain,
          minmay_the_grid_triangle_9x9_steps,
          minmay_the_grid_prize_four_corners_diamond_b], layout_loops_cross,
          minmay_temple_entry_from_below_b, uniq_harold, uniq_joseph,
          uniq_menkaure, uniq_duvessa
D:8:      layout_basic, slow_altar_1, minmay_misc_feat_cross,
          supply_closet_lemuel
D:9:      layout_basic, jmf_multi_god_temple2
D:10:     layout_roguey, david_orc_5, hangedman_decor_growths,
          minmay_unpleasant_kobolds

Skill      XL: |  1  2  3  4  5  6  7  8  9 10 |
---------------+-------------------------------+-----
Axes           | 4 5 6 7 9 10 11 12 15 | 15.9
Fighting       | 4 5 6 7 |  7.7
Armour         | 3 4 6 7 |  7.2
Throwing       | 1 3 4 5 |  5.3
Dodging        | 3 4 5 6 |  6.5

Action                   |  1- 3 |  4- 6 |  7- 9 | 10-12 || total
-------------------------+-------+-------+-------+-------++-------
Melee: Hand axe          |   112 |    32 |   230 |   249 ||   623
       Headbutt          |    16 |    10 |    70 |    67 ||   163
Throw: Boomerang         |       |       |     8 |     8 ||    16
Invok: Berserk           |       |     3 |     3 |     6 ||    12
       Brothers in Arms  |       |       |       |     2 ||     2
Evoke: Wand              |       |       |       |     3 ||     3
  Use: Scroll            |       |       |     6 |    10 ||    16
 Stab: Distracted        |       |       |       |     2 ||     2
Armor: Scale mail        |    20 |       |       |       ||    20
       Ring mail         |    24 |     9 |    50 |    48 ||   131
Dodge: Dodged            |    62 |    12 |   102 |   108 ||   284

Table legend: (Time is in decaauts)
 A = Elapsed time spent in this place.
 B = Non-inter-level travel time spent in this place.
 C = Inter-level travel time spent in this place.
 D = Time resting spent in this place.
 E = Time spent auto-exploring this place.
 F = Levels seen in this place.
 G = Mean time per level.
                   A        B        C        D        E       F      G
               +--------+--------+--------+--------+--------+-----+--------+
         Total |   8689 |   8362 |    327 |    504 |   5816 |  10 |  868.9 |
       Dungeon |   8689 |   8362 |    327 |    504 |   5816 |  10 |  868.9 |
               +--------+--------+--------+--------+--------+-----+--------+

Top non-repeatable levels by time:
     D:7: 1232 daAuts
     D:1: 1171 daAuts
     D:3: 1124 daAuts
     D:8: 961 daAuts
     D:2: 832 daAuts
     D:9: 793 daAuts
     D:4: 737 daAuts
     D:5: 701 daAuts
     D:6: 664 daAuts
    D:10: 469 daAuts
